 Dungeon Crawl Stone Soup version 0.31-a0-196-g86fe4a5e66 (webtiles) character file.

Game seed: 2295360870351348716

67 qw the Shooter (level 3, 0/20 HPs)
             Began as a Deep Elf Hunter on June 24, 2023.
             Slain by an orc
             ... wielding a +0 club
              (1 damage)
             ... on level 2 of the Dungeon.
             The game lasted 00:00:28 (2103 turns).

qw the Shooter (Deep Elf Hunter)                    Turns: 2103, Time: 00:00:28

Health: 0/20       AC:  6    Str: 10    XL:     3   Next: 98%
Magic:  5/5        EV: 11    Int: 13    God:
Gold:   92         SH:  0    Dex: 18    Spells: 2/2 levels left

rFire   . . .        Y - +0 shortbow
rCold   . . .        (shield currently unavailable)
rNeg    . . .        f - +0 ring mail
rPois   .            (no helmet)
rElec   .            (no cloak)
rCorr   .            (no gloves)
SInv    .            c - +0 pair of boots
Will    .....        (no amulet)
Stlth   +            (no ring)
HPRegen 0.23/turn    (no ring)
MPRegen 0.09/turn

%: no passive effects
@: lethally poisoned (0 -> -3)
A: no striking features
a: no special abilities


You were on level 2 of the Dungeon.
You visited 1 branch of the dungeon, and saw 3 of its levels.

You collected 92 gold pieces.


   Skills:
 - Level 1.5 Fighting
 + Level 7.4 Ranged Weapons
 - Level 2.4 Dodging
 - Level 1.2 Stealth


You had 2 spell levels left.
You didn't know any spells.
Your spell library was empty.

Inventory:

Hand Weapons
 Y - a +0 shortbow (weapon)
Armour
 c - a +0 pair of boots (worn)
 f - a +0 ring mail (worn)
Scrolls
 a - a scroll of identify
Potions
 b - a potion of attraction {unknown}
 e - a potion of might {unknown}

Dungeon Overview and Level Annotations

Branches:
Dungeon (3/15)

Altars:
Cheibriados


Message History

What level of the Dungeon? (default 1, ? - help)
There is an open door here.
There is a stone staircase leading down here.
You climb downwards.
The orc shouts! x2; The orc priest shouts!
You hear a shout!
There is a stone staircase leading up here.
There are monsters nearby!
Waypoint 2 assigned to D:3.
You shoot an arrow. The arrow hits the orc priest.
The orc priest is moderately wounded.
You shoot an arrow.
The arrow closely misses the orc priest.
The orc priest calls down the wrath of Beogh upon you.
Beogh smites you!
Ouch! That really hurt!
The orc closely misses you.
2097 ||| STAIRDANCE The orc priest barely misses you.
The orc barely misses you. The orc hits you but does no damage.
You climb upwards.
There is a stone staircase leading down here.
You shoot an arrow.
The arrow closely misses the orc priest.
The orc closely misses you. The orc completely misses you.
The orc priest misses you.
You shoot an arrow. The arrow barely misses the orc priest.
The orc hits you with a +0 club. The orc completely misses you.
The orc priest hits you with a +0 hand axe.
You shoot an arrow. The arrow hits the orc priest.
The orc priest is almost dead.
The orc hits you with a +0 club. The orc closely misses you.
The orc priest barely misses you.
You shoot an arrow. The arrow hits the orc priest!
You kill the orc priest!
The orc closely misses you. The orc hits you but does no damage.
You are lethally poisoned!
Your Ranged Weapons skill increases to level 7!
You shoot an arrow. The arrow barely misses the orc.
You feel sick. The orc closely misses you. The orc hits you but does no damage.
The orc hits you with a +0 club.
You die...

...# #....####...# #............
...# #....#......###.#.#.#.#..#.
...# #....#.##....##.........##.
...# #....#.##....##.#.#.#.#....
...# ##.....##...(...........##.
...# #(..[.##.......#.#.#.#.##.
...#####.....##....#..........##.
.............##o).....#.#.#.#.##.
.............##.@..##............
.............##..o.##..###.#.####
.........:...##........###.......
.............#......#..##.....###
.#'#####.....#.........#......###
.#.# #.....##...###.##.........
.#.# #.....##..................
.#.# #.....#.....##.#..#.##....
.#.#####.#.#.##.......#..#+##...<


You could see 2 orcs.

Vanquished Creatures
  An orc priest (D:2)
  An adder (D:2)
  A dart slug (D:2)
  5 ball pythons
  A bat (D:1)
  2 endoplasms
  3 goblins
  5 hobgoblins
  2 kobolds (D:1)
  A quokka (D:1)
  3 frilled lizards
  2 rats (D:1)
27 creatures vanquished.

Notes
Turn   | Place    | Note
-------+----------+-------------------------------------------
     0 | D:1      | qw the Deep Elf Hunter began the quest for the Orb.
     0 | D:1      | Reached XP level 1. HP: 12/12 MP: 3/3
     0 | D:1      | 0 ||| qw: Version: 0.3-a-9-g12657ce
     0 | D:1      | 0 ||| qw: Game counter: 4829
     0 | D:1      | 0 ||| qw: Always use a shield: true
     0 | D:1      | 0 ||| qw: God list: Okawaru
     0 | D:1      | 0 ||| qw: Allow faded altars: false
     0 | D:1      | 0 ||| qw: Do Orc after D:15 true
     0 | D:1      | 0 ||| qw: Do second Lair branch before Depths: true
     0 | D:1      | 0 ||| qw: Lair rune preference: random
     0 | D:1      | 0 ||| qw: Plans: Normal
     0 | D:1      | 0 ||| PLANNING D:1-11
   314 | D:1      | Reached XP level 2. HP: 16/16 MP: 4/4
   416 | D:1      | Reached skill level 6 in Ranged Weapons
   474 | D:1      | Found a faded altar of an unknown god.
  1152 | D:1      | Found a snail-covered altar of Cheibriados.
  1163 | D:1      | 1163 ||| UPGRADING to +0 ring mail.
  1173 | D:1      | 1173 ||| DROPPING +0 leather armour.
  1181 | D:1      | 1181 ||| READING 2 scrolls labelled GUHIAG JEONN.
  1182 | D:1      | 1182 ||| DROPPING scroll of butterflies.
  1601 | D:2      | Reached XP level 3. HP: 11/20 MP: 5/5
  2055 | D:2      | 2055 ||| UPGRADING to +0 pair of boots.
  2060 | D:2      | 2060 ||| READING scroll labelled BYRAM TESCHAARPH.
  2097 | D:3      | 2097 ||| STAIRDANCE
  2100 | D:2      | HP: 4/20 [orc priest/+0 hand axe (2)]
  2103 | D:2      | Reached skill level 7 in Ranged Weapons
  2103 | D:2      | HP: 1/20 [poisoned by an orc]
  2103 | D:2      | Slain by an orc

Levels and vault maps discovered:
D:1:      dpeg_arrival_lava_altar, layout_basic, ebering_ecumenical_altar_rust
D:2:      layout_basic, serial_glass, glass_columns_c, glass_columns_a,
          glass_columns_c, glass_columns_a
D:3:      layout_rooms, minmay_quantized

Skill      XL: |  1  2  3 |
---------------+----------+-----
Ranged Weapons | 6 7 |  7.4
Fighting       | |  1.5
Dodging        | |  2.4
Stealth        | |  1.2

Action                     || total
---------------------------++-------
   Fire: Shortbow          ||    83
    Use: Scroll            ||     2
 Armour: Leather armour    ||     2
         Ring mail         ||     6
  Dodge: Dodged            ||    22

Table legend:
 A = Non-vault XP
 B = Vault XP
 C = Vault XP percentage of total XP
 D = Non-vault monster count
 E = Vault monster count
 F = Vault count percentage of total count
                 A         B        C        D         E       F
            +---------+---------+-------+---------+---------+-------
      Total |      96 |       0 |   0.0 |      27 |       0 |   0.0
            +---------+---------+-------+---------+---------+-------
        D:1 |      29 |       0 |   0.0 |      18 |       0 |   0.0
        D:2 |      67 |       0 |   0.0 |       9 |       0 |   0.0
            +---------+---------+-------+---------+---------+-------
